 Dungeon Crawl Stone Soup version 0.29-a0-362-g5854e031c7 (webtiles) character file.

Game seed: 17715500156491153392

7 zeratav the Chopper (level 1, 0/18 HPs)
             Began as a Demonspawn Berserker on Apr 29, 2022.
             Was a Follower of Trog.
             Slain by a goblin
             ... wielding a +0 dagger
              (4 damage)
             ... on level 1 of the Dungeon.
             The game lasted 00:00:27 (244 turns).

zeratav the Chopper (Demonspawn Berserker)           Turns: 244, Time: 00:00:27

Health: 0/18       AC:  2    Str: 17    XL:     1   Next: 83%
Magic:  1/1        EV: 12    Int:  8    God:    Trog [*.....]
Gold:   10         SH:  0    Dex: 12    Spells: 0/0 levels left

rFire   . . .      SeeInvis .   a - +0 hand axe {axe}
rCold   . . .      Faith    .   (no shield)
rNeg    . . .      Spirit   .   b - +0 animal skin
rPois   .          Reflect  .   (no helmet)
rElec   .          Harm     .   (no cloak)
rCorr   .          Rampage  .   (no gloves)
Will    .....                   (no boots)
Stlth   +.........              (no amulet)
HPRegen 0.06/turn               (no ring)
MPRegen 0.07/turn               (no ring)

@: no status effects
A: no striking features
a: Renounce Religion, Berserk


You were on level 1 of the Dungeon.
You worshipped Trog.
Trog was aware of your devotion.
You visited 1 branch of the dungeon, and saw 1 of its levels.

You collected 10 gold pieces.


   Skills:
 - Level 3.0 Fighting
 + Level 3.1 Axes
 - Level 1.7 Armour
 - Level 1.7 Dodging


You couldn't memorise any spells.
You didn't know any spells.
Your spell library contained the following spells:

 Spells                   Type           Power      Damage    Failure   Level
 Summon Small Mammal      Summ           0%         N/A       41%         1
 Call Canine Familiar     Summ           0%         N/A       78%         3
 Summon Guardian Golem    Hex/Summ       0%         N/A       78%         3
 Tukima's Dance           Hex            0%         N/A       78%         3
 Anguish                  Hex/Necr       0%         N/A       99%         4
 Enfeeble                 Hex            0%         N/A       100%        7

Inventory:

Hand Weapons
 a - a +0 hand axe (weapon) {axe}
Armour
 b - a +0 animal skin (worn)
Scrolls
 d - a scroll of blinking {unknown}
Potions
 c - a potion of curing {unknown}

Dungeon Overview and Level Annotations

Branches:
Dungeon (1/15)

Altars:

##..#...#.........
##.#...#...#.#####.
..#≈#.#≈#.#≈#.#
...#...#...#..##
.#...#...#...#§#
#≈#.#§#.#≈#.#≈##
.#..†#...#...#.###
...#§..#...#.....#
#.#§#.#≈#.#≈#.##@#
##.#§..#...#.###g#
##...#...#..## #b#
##..#≈#.#§#.# #K#
...#.#...#..####..
#†##.#......>.###.
..##....#####.# .
.#####..# #... ..
.# #..# #.##


You could see a goblin, a bat and a kobold.


Message History

You hit the ball python.
You kill the ball python!
Trog accepts your kill. The bat hits you but does no damage.
You slash the bat!
You kill the bat!
Trog accepts your kill. The giant cockroach closely misses you.
You barely miss the giant cockroach. The giant cockroach bites you.
HP[-2]
You take 2 damage, and now have 16/18 hp.
You hit the giant cockroach. The giant cockroach misses you.
The giant cockroach bites you but does no damage.
You hit the giant cockroach but do no damage.
The giant cockroach bites you but does no damage.
You hit the giant cockroach but do no damage.
The giant cockroach closely misses you.
You hit the giant cockroach.
You kill the giant cockroach!
Trog accepts your kill.
Your Axes skill increases to level 3!
HP[+1] No target in view!
No target in view!
No target in view!
You now have 10 gold pieces.
You pick up a book of Maledictions {forbidden} and begin reading...
You add the spells Tukima's Dance, Anguish and Enfeeble to your library.
HP[+1]
Your hp is fully restored (18).
You pick up a book of Callings {forbidden} and begin reading...
You add the spells Summon Small Mammal, Call Canine Familiar and Summon Guardian Golem to your library.
A bat comes into view.
You see here a scroll labelled JEDUUTATEI.
A bat is nearby!
You hit the bat.
You kill the bat!
Trog accepts your kill.
d - a scroll labelled JEDUUTATEI A goblin, a bat and a hobgoblin come into view.
The hobgoblin closely misses you.
You barely miss the hobgoblin. The hobgoblin barely misses you.
You closely miss the hobgoblin.
The hobgoblin hits you but does no damage.
You completely miss the hobgoblin.
The goblin shouts!
You hear an angry hiss.
You hear a shout!
The hobgoblin hits you.
HP[-1]
You take 1 damage, and now have 17/18 hp.
You hit the hobgoblin. The hobgoblin hits you. The hobgoblin misses you.
HP[-1]
You take 1 damage, and now have 16/18 hp.
You closely miss the hobgoblin. The hobgoblin hits you.
HP[-3]
You take 3 damage, and now have 13/18 hp.
You are too injured to fight recklessly!
You are too injured to fight recklessly!
You are too injured to fight recklessly!
You are too injured to fight recklessly!
You are too injured to fight recklessly!
You are too injured to fight recklessly!
You are too injured to fight recklessly!
You closely miss the hobgoblin. The hobgoblin misses you.
You barely miss the hobgoblin. The hobgoblin closely misses you.
You closely miss the hobgoblin. Your punch misses the hobgoblin.
The hobgoblin closely misses you.
You hit the hobgoblin but do no damage.
A kobold comes into view. It is wielding a +0 whip.
The hobgoblin hits you.
HP[-2]
You take 2 damage, and now have 11/18 hp.
You closely miss the hobgoblin. The hobgoblin hits you.
HP[-1]
You take 1 damage, and now have 10/18 hp.
You hit the hobgoblin.
You kill the hobgoblin!
Trog accepts your kill. The goblin closely misses you.
You barely miss the goblin. The goblin barely misses you.
You hit the goblin. The goblin closely misses you.
You barely miss the goblin. The goblin hits you with a +0 dagger.
* * * LOW HITPOINT WARNING * * *
HP[-1]
You take 1 damage, and now have 9/18 hp.
You barely miss the goblin. The goblin hits you with a +0 dagger.
* * * LOW HITPOINT WARNING * * *
HP[-2]
You take 2 damage, and now have 7/18 hp.
You miss the goblin. The goblin closely misses you.
You miss the goblin. The goblin hits you with a +0 dagger.
* * * LOW HITPOINT WARNING * * *
HP[-1]
You take 1 damage, and now have 6/18 hp.
You barely miss the goblin. The goblin hits you with a +0 dagger.
* * * LOW HITPOINT WARNING * * *
HP[-3]
You take 3 damage, and now have 3/18 hp.
You closely miss the goblin. The goblin misses you.
The goblin hits you with a +0 dagger.
You die...

Skill      XL: |  1 |
---------------+----+-----
Axes           | 3 |  3.1
Fighting       | |  3.0
Armour         | |  1.7
Dodging        | |  1.7

Action                   || total
-------------------------++-------
Melee: Hand axe          ||    33
Armor: Animal skin       ||     7
Dodge: Dodged            ||    17

Levels and vault maps discovered:
D:1:      dpeg_arrival_pits, layout_loops_cross, chequers_serial_rivers_micro_b,
          minmay_misc_feat_roman, dreamdust_princess_corridor,
          kennysheep_doodads, roderic_roman_lattice, minmay_tetromino_i2

Notes
Turn   | Place    | Note
-------+----------+-------------------------------------------
     0 | D:1      | zeratav the Demonspawn Berserker began the quest for the
                  | Orb.
     0 | D:1      | Reached XP level 1. HP: 18/18 MP: 1/1
     0 | D:1      | magus.rc [v1.9.6]
   149 | D:1      | Reached skill level 3 in Axes
   171 | D:1      | You pick up a book of Maledictions {forbidden} and begin
                  | reading...
   171 | D:1      | You add the spells Tukima's Dance, Anguish and Enfeeble to
                  | your library.
   174 | D:1      | You pick up a book of Callings {forbidden} and begin
                  | reading...
   174 | D:1      | You add the spells Summon Small Mammal, Call Canine
                  | Familiar and Summon Guardian Golem to your library.
   243 | D:1      | HP: 3/18 [goblin/+0 dagger (3)]
   244 | D:1      | Slain by a goblin

Vanquished Creatures
  A giant cockroach (D:1)
  A hobgoblin (D:1)
  A ball python (D:1)
  2 bats (D:1)
  A kobold (D:1)
  2 rats (D:1)
8 creatures vanquished.

Table legend:
 A = Non-vault XP
 B = Vault XP
 C = Vault XP percentage of total XP
 D = Non-vault monster count
 E = Vault monster count
 F = Vault count percentage of total count
                 A         B        C        D         E       F
            +---------+---------+-------+---------+---------+-------
      Total |      10 |       0 |   0.0 |       8 |       0 |   0.0
            +---------+---------+-------+---------+---------+-------
        D:1 |      10 |       0 |   0.0 |       8 |       0 |   0.0
            +---------+---------+-------+---------+---------+-------

Illustrated notes

Table legend:
 A = Kills in this place as a percentage of kills in entire the game.
 B = Kills by you in this place as a percentage of kills by you in the entire game.
 C = Kills by friends in this place as a percentage of kills by friends in the entire game.
 D = Other kills in this place as a percentage of other kills in the entire game.
 E = Experience gained in this place as a percentage of experience gained in the entire game.
 F = Experience gained in this place divided by the number of levels of this place that you have seen.
                   A       B       C       D       E      F
               +-------+-------+-------+-------+-------+----------------------
         Total | 100.0 | 100.0 |   N/A |   N/A | 100.0 |  10.0
       Dungeon | 100.0 | 100.0 |   N/A |   N/A | 100.0 |  10.0
               +-------+-------+-------+-------+-------+----------------------

Table legend: (Time is in decaauts)
 A = Elapsed time spent in this place.
 B = Non-inter-level travel time spent in this place.
 C = Inter-level travel time spent in this place.
 D = Time resting spent in this place.
 E = Time spent auto-exploring this place.
 F = Levels seen in this place.
 G = Mean time per level.
                   A        B        C        D        E       F      G
               +--------+--------+--------+--------+--------+-----+--------+
         Total |    248 |    248 |      0 |      0 |    191 |   1 |  248.0 |
       Dungeon |    248 |    248 |      0 |      0 |    191 |   1 |  248.0 |
               +--------+--------+--------+--------+--------+-----+--------+

Top non-repeatable levels by time:
     D:1: 248 daAuts
